 Dungeon Crawl Stone Soup version 0.29.0-4-gdea44cf6ec (webtiles) character file.

Game seed: 9899422125174372868

79753 qw the Brawler (level 15, -11/146 HPs)
             Began as a Troll Cinder Acolyte on Sept 1, 2022.
             Was a High Priest of Okawaru.
             Mangled by a hog (13 damage)
             ... led by Kirke
             ... on level 15 of the Dungeon.
             The game lasted 00:11:18 (18933 turns).

qw the Brawler (Troll Cinder Acolyte)              Turns: 18933, Time: 00:11:18

Health: -11/146    AC:  0    Str: 32    XL:     15   Next: 21%
Magic:  21/21      EV: 15    Int: 12    God:    Okawaru [*****.]
Gold:   1698       SH:  5    Dex:  5    Spells: 16/16 levels left

rFire   . . .      SeeInvis .     - Unarmed
rCold   . . .      Faith    .   (shield currently unavailable)
rNeg    . . .      Spirit   .   (body armour currently unavailable)
rPois   .          Reflect  +   (helmet currently unavailable)
rElec   .          Harm     .   (cloak currently unavailable)
rCorr   .          Rampage  .   (gloves unavailable)
Will    +....                   (boots unavailable)
Stlth   ++........              g - amulet "Juoxyco" {Reflect Int+2 SH+5}
HPRegen 1.14/turn               (ring currently unavailable)
MPRegen 0.17/turn               (ring currently unavailable)

@: about to teleport, pig-form, heroic, slowed
A: fast, no casting, small, unfitting armour, (claws 3), regeneration 1, (shaggy
fur 1), (tough skin 1)
a: Renounce Religion, Heroism, Finesse, Duel


You were on level 15 of the Dungeon.
You worshipped Okawaru.
Okawaru was extremely pleased with you.
You were a filthy swine.
You visited 3 branches of the dungeon, and saw 21 of its levels.
You also visited: Gauntlet.

You collected 1698 gold pieces.


Innate Abilities, Weirdness & Mutations

You are a filthy swine.
You move quickly.
Your equipment is almost entirely melded.
You are incapable of wielding weapons or throwing items.
You cannot cast spells.
You are too large for most types of armour.
((You have claws for hands.))
Your natural rate of healing is unusually fast.
((You are covered in fur. (AC +1)))
((You have tough skin. (AC +1)))


   Skills:
 - Level 9.0(14.0) Fighting
 - Level 9.0(14.0) Throwing
 - Level 3.1(8.1) Armour
 - Level 3.7(8.7) Dodging
 + Level 20.1(25.1) Unarmed Combat
 - Level 1.0 Spellcasting
 - Level 2.1 Fire Magic
 - Level 10.0 Invocations


You had 16 spell levels left.
You didn't know any spells.
Your spell library contained the following spells:

 Spells                   Type           Power      Damage    Failure   Level
 Scorch                   Fire           10%        2d5       19%         2

Inventory:

Missiles
 n - 6 boomerangs
 p - 19 large rocks (quivered)
 q - a javelin
 s - 7 silver javelins
Armour
 a - a +0 cloak (melded)
 b - +5 steam dragon scales (melded)
 l - a +1 hat of see invisible
 r - the +0 hat of Bitterness (melded) {rF+ Str+4 Dex+2 Stlth+}
   (You found it in a Gauntlet)

   Str:       It affects your strength (+4).
   Dex:       It affects your dexterity (+2).
   rF:        It protects you from fire.
   Stlth:     It makes you more stealthy.
Jewellery
 c - a +6 ring of strength
 d - a +4 ring of protection (melded)
 f - a ring of poison resistance (melded)
 g - the amulet "Juoxyco" (around neck) {Reflect Int+2 SH+5}
   (You acquired it on level 10 of the Dungeon)

   [amulet of reflection]

   It reflects blocked missile attacks.
   Int:       It affects your intelligence (+2).
   SH:        It affects your SH (+5).
 w - a ring of poison resistance
Scrolls
 k - 12 scrolls of identify
 o - 4 scrolls of enchant weapon
 u - 4 scrolls of teleportation
Potions
 e - 4 potions of might
 h - 3 potions of haste
 i - 8 potions of mutation
 j - 2 potions of heal wounds
 m - 8 potions of curing
 t - 2 potions of resistance
 v - a potion of magic

Dungeon Overview and Level Annotations

Branches:
Dungeon (15/15)            Temple (1/1) D:5            Lair (5/5) D:8
 Shoals (0/4) Lair:2       Spider (0/4) Lair:2        Slime (0/5) Lair:4
    Orc (0/2) D:11         Vaults (0/5) D:13        Gauntlet (visited)
 Depths: D:15

Altars:
Ashenzari
Fedhas
Hepliaklqana
Kikubaaqudgha
Makhleb
Nemelex Xobeh
Okawaru
Qazlal
Ru
Sif Muna
Trog
Wu Jian
Xom
The Shining One

Shops:
D:7 [

Annotations:
D:12 1 runed translucent door
D:15 Kirke


Message History

The hog bites you but does no damage. Something hits you!
You eviscerate the manticore!!!
The manticore is almost dead.
The hog bites you but does no damage.
You hear some strange, mumbled words.
You turn into a filthy swine.
Your +0 cloak melds into your body.
The +0 hat of Bitterness {rF+ Str+4 Dex+2 Stlth+} melds into your body.
Your +5 steam dragon scales melds into your body.
Your ring of poison resistance melds into your body.
Your +4 ring of protection melds into your body.
The manticore bites you!! The manticore misses you. The manticore claws you!
You barely miss the manticore.
The manticore is almost dead.
The hog bites you! You block the manticore's attack. The manticore claws you.
The manticore completely misses you. Something hits you! The hog bites you!
You barely miss the manticore.
The manticore is almost dead.
Something hits you. You block the manticore's attack.
The manticore claws you. x2
The hog completely misses you.
You bite the manticore!
You kill the manticore!
The manticore's corpse disappears in a puff of smoke!
You block the hog's attack. Something hits you! The hog barely misses you.
You hit the hog but do no damage.
You hear some strange, mumbled words.
Something summons a manticore!
You block the hog's attack.
You closely miss the hog. The hog bites you! Something hits you.
You block something's attack. The hog barely misses you.
18932 ||| READING 5 scrolls of teleportation.
As you read the scroll of teleportation, it crumbles to dust.
You feel strangely unstable. The hog bites you. You block something's attack.
The hog barely misses you.
18933 ||| DRINKING 3 potions of heal wounds.
You feel much better. The manticore closely misses you.
The manticore claws you. You block the manticore's attack. The hog bites you!
Something hits you. The manticore bites you!! You block the manticore's attack.
The manticore completely misses you. Something hits you! The hog bites you!
You die...

#...####+##
#.#.# #.#.#
#...# #...#
#.#.# #.#.#
#.{H######
#.h%%......
#.#h.##..##
#........H.
#########


You could see a manticore (summoned) and a hog.

Vanquished Creatures
  Gastronok (Lair:1)
  A bunyip (shapeshifter) (Gauntlet)
  A minotaur (Gauntlet)
  A dire elephant (Lair:5)
  5 hydras
  4 vault guards (D:13)
  3 boulder beetles
  2 two-headed ogres
  Erica (D:10)
  2 centaur warriors
  8 death yaks (Lair:5)
  3 tengu warriors
  A shock serpent (shapeshifter) (Gauntlet)
  Nergalle (Lair:2)
  3 skeletal warriors (D:13)
  A wizard (D:14)
  2 lindwurms
  A deep elf pyromancer (D:15)
  A wolf spider (Lair:5)
  2 ugly things
  3 oklob plants
  A worldbinder (Gauntlet)
  18 elephants
  4 cyclopes
  3 manticores
  14 black mambas
  A guardian serpent (Lair:5)
  Maurice (D:11)
  13 cane toads
  3 gargoyles
  2 torpor snails
  A torpor snail (shapeshifter) (Gauntlet)
  Maggie (D:6)
  2 rime drakes (Lair:5)
  A rime drake (shapeshifter) (D:14)
  An efreet (D:14)
  2 kobold demonologists (D:12)
  An unseen horror (D:11)
  9 komodo dragons
  A freezing wraith (D:13)
  Prince Ribbit (D:7)
  A meliai (Lair:2)
  5 trolls
  A polar bear (Lair:2)
  3 hornets
  Grinder (D:5)
  11 blink frogs
  2 dream sheep (Lair:5)
  7 slime creatures
  A snapping turtle (shapeshifter) (Gauntlet)
  3 centaur simulacra
  5 shadows
  38 yaks
  Sigmund (D:5)
  2 wraiths
  13 wyverns
  16 fire elementals
  A steam dragon (D:7)
  2 hogs (D:15)
  3 basilisks
  A death yak simulacrum (D:13)
  11 vampire mosquitoes
  4 redbacks (Lair:5)
  23 water moccasins
  A meliai simulacrum (Gauntlet)
  2 acid dragons
  3 black bears
  3 orc warriors
  2 sky beasts (D:8)
  2 ice beasts (D:6)
  An ogre (D:4)
  11 boggarts
  20 wolves
  15 centaurs
  3 kobold brigands
  8 bullfrogs
  A two-headed ogre simulacrum (D:13)
  A gnoll sergeant (D:10)
  4 scorpions (D:5)
  9 wights
  An elephant simulacrum (D:13)
  14 killer bees
  A howler monkey (D:5)
  An electric eel (Lair:5)
  2 hounds
  A jelly (D:4)
  6 orc priests
  A wyvern simulacrum (Gauntlet)
  A gnoll bouda (D:5)
  9 orc wizards
  13 hell rats
  2 troll simulacra (D:13)
  2 spriggan simulacra (D:13)
  A wolf simulacrum (D:13)
  7 adders
  14 gnolls
  A shadow imp (D:5)
  A white imp (D:5)
  3 worms
  2 dart slugs
  18 orcs
  6 endoplasms
  6 giant cockroaches
  4 goblins
  5 hobgoblins
  14 jackals
  2 quokkas
  5 ball pythons
  3 bats
  A frilled lizard (D:2)
  13 kobolds
  3 rats (D:1)
531 creatures vanquished.

Vanquished Creatures (others)
  29 fungi
  68 plants
97 creatures vanquished.

Grand Total: 628 creatures vanquished

Notes
Turn   | Place    | Note
-------+----------+-------------------------------------------
     0 | D:1      | qw the Troll Cinder Acolyte began the quest for the Orb.
     0 | D:1      | Reached XP level 1. HP: 22/22 MP: 1/1
     0 | D:1      | 0 ||| qw: Version: 0.1-a-97-g2dd2ca4
     0 | D:1      | 0 ||| qw: Game counter: 4822
     0 | D:1      | 0 ||| qw: Always use a shield: true
     0 | D:1      | 0 ||| qw: God list: Okawaru
     0 | D:1      | 0 ||| qw: Allow faded altars: false
     0 | D:1      | 0 ||| qw: Do Orc after D:15 true
     0 | D:1      | 0 ||| qw: Do second Lair branch before Depths: true
     0 | D:1      | 0 ||| qw: Lair rune preference: random
     0 | D:1      | 0 ||| qw: Plans: Normal
     0 | D:1      | 0 ||| PLANNING D:1-11
    76 | D:1      | 76 ||| Stepping ~*~*~tactically~*~*~ (stealth).
   109 | D:1      | Reached XP level 2. HP: 29/29 MP: 2/2
   474 | D:1      | 474 ||| Stepping ~*~*~tactically~*~*~ (stealth).
   475 | D:1      | 475 ||| Stepping ~*~*~tactically~*~*~ (stealth).
   486 | D:1      | Reached skill level 4 in Unarmed Combat
   516 | D:1      | Found a faded altar of an unknown god.
   662 | D:2      | Found a stormy altar of Qazlal.
   666 | D:2      | 666 ||| Stepping ~*~*~tactically~*~*~ (stealth).
   668 | D:2      | 668 ||| STAIRDANCE
   672 | D:2      | 672 ||| STAIRDANCE
   679 | D:1      | Reached XP level 3. HP: 28/36 MP: 3/3
   762 | D:2      | 762 ||| Stepping ~*~*~tactically~*~*~ (hiding).
   763 | D:2      | 763 ||| Stepping ~*~*~tactically~*~*~ (hiding).
   861 | D:2      | 861 ||| Stepping ~*~*~tactically~*~*~ (outnumbered).
   862 | D:2      | 862 ||| Stepping ~*~*~tactically~*~*~ (outnumbered).
   932 | D:2      | 932 ||| INVOKING Fiery Armour.
   934 | D:2      | 934 ||| Stepping ~*~*~tactically~*~*~ (stealth).
   936 | D:2      | Reached XP level 4. HP: 44/44 MP: 4/4
   938 | D:2      | 938 ||| Stepping ~*~*~tactically~*~*~ (outnumbered).
   939 | D:2      | 939 ||| Stepping ~*~*~tactically~*~*~ (outnumbered).
   940 | D:2      | 940 ||| Stepping ~*~*~tactically~*~*~ (outnumbered).
   941 | D:2      | 941 ||| Stepping ~*~*~tactically~*~*~ (outnumbered).
   942 | D:2      | Reached skill level 5 in Unarmed Combat
  1157 | D:2      | 1157 ||| UPGRADING to ring of poison resistance.
  1158 | D:2      | 1158 ||| UPGRADING to +6 ring of dexterity.
  1159 | D:2      | 1159 ||| READING scroll labelled YCAPPOWOPT.
  1160 | D:2      | 1160 ||| READING scroll labelled GOYPRU XUNTETZ.
  1189 | D:3      | 1189 ||| STAIRDANCE
  1194 | D:3      | 1194 ||| STAIRDANCE
  1507 | D:3      | 1507 ||| READING 2 scrolls labelled ZUILUR CUAGOCU.
  1510 | D:3      | 1510 ||| FLEEEEING.
  1529 | D:3      | 1529 ||| READING scroll labelled IVAOJEH YTZE.
  1531 | D:3      | 1531 ||| READING scroll labelled OZURIRCH ZAHO.
  1532 | D:3      | 1532 ||| READING scroll labelled TIGYFO AZATH.
  1533 | D:3      | 1533 ||| DRINKING 2 ruby potions.
  1534 | D:3      | 1534 ||| DRINKING 3 amethyst potions.
  1535 | D:3      | 1535 ||| DROPPING scroll of torment.
  1536 | D:3      | 1536 ||| DROPPING 2 potions of brilliance.
  1537 | D:3      | 1537 ||| Stepping randomly (stuck).
  1538 | D:3      | 1538 ||| Stepping randomly (stuck).
  1540 | D:3      | 1540 ||| Stepping randomly (stuck).
  1542 | D:3      | 1542 ||| Stepping randomly (stuck).
  1543 | D:3      | 1543 ||| Stepping randomly (stuck).
  1545 | D:3      | 1545 ||| Stepping randomly (stuck).
  1547 | D:3      | 1547 ||| Stepping randomly (stuck).
  1549 | D:3      | 1549 ||| Stepping randomly (stuck).
  1550 | D:3      | 1550 ||| Stepping randomly (stuck).
  1551 | D:3      | 1551 ||| Stepping randomly (stuck).
  1552 | D:3      | 1552 ||| Stepping randomly (stuck).
  1553 | D:3      | 1553 ||| Stepping randomly (stuck).
  1554 | D:3      | 1554 ||| Stepping randomly (stuck).
  1556 | D:3      | 1556 ||| Stepping randomly (stuck).
  1564 | D:3      | 1564 ||| Stepping randomly (stuck).
  1565 | D:3      | 1565 ||| Stepping randomly (stuck).
  1566 | D:3      | 1566 ||| Stepping randomly (stuck).
  1821 | D:4      | Reached skill level 1 in Dodging
  1821 | D:4      | Reached XP level 5. HP: 50/50 MP: 5/5
  1904 | D:4      | Noticed a black bear
  1904 | D:4      | Noticed an ogre
  1905 | D:4      | 1905 ||| INVOKING Fiery Armour.
  1908 | D:4      | Killed a black bear
  1909 | D:4      | Reached skill level 6 in Unarmed Combat
  1911 | D:4      | Killed an ogre
  1912 | D:4      | Reached XP level 6. HP: 41/59 MP: 6/6
  2024 | D:4      | Found a shimmering altar of Xom.
  2029 | D:4      | 2029 ||| Stepping ~*~*~tactically~*~*~ (hiding).
  2155 | D:4      | Identified the +5 spear "Ducsadaen" {vorpal, Dex+2}
  2188 | D:4      | Reached skill level 7 in Unarmed Combat
  2508 | D:4      | 2508 ||| UPGRADING to amulet of guardian spirit.
  2513 | D:4      | 2513 ||| READING scroll labelled FAOHOO RURAAS.
  2514 | D:4      | 2514 ||| READING scroll labelled BADDOT OWUDWAM.
  2515 | D:4      | 2515 ||| READING scroll labelled QASYAH ZETA.
  2538 | D:5      | Entered Level 5 of the Dungeon
  2550 | D:5      | 2550 ||| Stepping ~*~*~tactically~*~*~ (hiding).
  2696 | D:5      | 2696 ||| INVOKING Fiery Armour.
  2700 | D:5      | 2700 ||| Stepping ~*~*~tactically~*~*~ (outnumbered).
  2701 | D:5      | 2701 ||| Stepping ~*~*~tactically~*~*~ (outnumbered).
  2715 | D:5      | Reached XP level 7. HP: 66/66 MP: 7/7
  2751 | D:5      | Reached skill level 8 in Unarmed Combat
  2768 | D:5      | 2768 ||| Stepping ~*~*~tactically~*~*~ (hiding).
  2773 | D:5      | 2773 ||| Stepping ~*~*~tactically~*~*~ (outnumbered).
  2786 | D:5      | Reached skill level 3 in Fighting
  2898 | D:5      | Noticed Sigmund
  2899 | D:5      | 2899 ||| Stepping ~*~*~tactically~*~*~ (hiding).
  3007 | D:5      | Killed Sigmund
  3036 | D:5      | Found a staircase to the Ecumenical Temple.
  3037 | D:5      | 3037 ||| Stepping ~*~*~tactically~*~*~ (hiding).
  3048 | D:5      | Reached skill level 9 in Unarmed Combat
  3208 | D:5      | Noticed Grinder
  3209 | D:5      | 3209 ||| Stepping ~*~*~tactically~*~*~ (hiding).
  3214 | D:5      | 3214 ||| Stepping ~*~*~tactically~*~*~ (hiding).
  3224 | D:5      | Killed Grinder
  3225 | D:5      | Reached XP level 8. HP: 67/75 MP: 6/8
  3284 | D:5      | 3284 ||| Stepping ~*~*~tactically~*~*~ (hiding).
  3293 | D:5      | Reached skill level 10 in Unarmed Combat
  3452 | D:5      | 3452 ||| INVOKING Fiery Armour.
  3499 | D:5      | Reached skill level 1 in Throwing
  3571 | D:5      | 3571 ||| READING scroll labelled EFOHUCKODE.
  3575 | D:5      | 3575 ||| READING scroll labelled EZXOAT FULOIQ.
  3576 | D:5      | 3576 ||| DRINKING 2 fizzy orange potions.
  3577 | D:5      | 3577 ||| READING 2 scrolls of identify.
  3577 | D:5      | 3577 ||| IDENTIFYING purple potion
  3578 | D:5      | 3578 ||| DROPPING potion of degeneration.
  3681 | D:6      | Noticed Maggie
  3682 | D:6      | Found a blossoming altar of Fedhas.
  3697 | D:6      | 3697 ||| INVOKING Fiery Armour.
  3702 | D:6      | Killed Maggie
  3703 | D:6      | Reached XP level 9. HP: 27/84 MP: 2/9
  3836 | D:6      | Reached skill level 11 in Unarmed Combat
  4097 | D:6      | 4097 ||| UPGRADING to +0 steam dragon scales.
  4107 | D:6      | 4107 ||| DROPPING +0 robe.
  4108 | D:6      | 4108 ||| READING scroll of enchant armour.
  4108 | D:6      | 4108 ||| ENCHANTING +0 steam dragon scales.
  4109 | D:6      | 4109 ||| DRINKING 2 white potions.
  4110 | D:6      | 4110 ||| READING 2 scrolls of identify.
  4110 | D:6      | 4110 ||| IDENTIFYING lumpy coppery potion
  4145 | D:7      | 4145 ||| PLANNING OSSUARY
  4164 | D:7      | 4164 ||| Stepping ~*~*~tactically~*~*~ (outnumbered).
  4165 | D:7      | 4165 ||| Stepping ~*~*~tactically~*~*~ (outnumbered).
  4166 | D:7      | 4166 ||| Stepping ~*~*~tactically~*~*~ (outnumbered).
  4168 | D:7      | 4168 ||| Stepping ~*~*~tactically~*~*~ (outnumbered).
  4170 | D:7      | 4170 ||| Stepping ~*~*~tactically~*~*~ (outnumbered).
  4171 | D:7      | 4171 ||| Stepping ~*~*~tactically~*~*~ (outnumbered).
  4172 | D:7      | 4172 ||| Stepping ~*~*~tactically~*~*~ (outnumbered).
  4180 | D:7      | 4180 ||| INVOKING Fiery Armour.
  4184 | D:7      | 4184 ||| FLEEEEING.
  4185 | D:7      | 4185 ||| FLEEEEING.
  4186 | D:7      | 4186 ||| FLEEEEING.
  4187 | D:7      | 4187 ||| FLEEEEING.
  4188 | D:7      | 4188 ||| FLEEEEING.
  4189 | D:7      | 4189 ||| FLEEEEING.
  4190 | D:7      | 4190 ||| STAIRDANCE
  4251 | D:7      | 4251 ||| STAIRDANCE
  4275 | D:7      | 4275 ||| Stepping ~*~*~tactically~*~*~ (stealth).
  4386 | D:7      | Found Jiydun's Armour Shop.
  4399 | D:7      | 4399 ||| SHOPLISTING +1 acid dragon scales (611 gold, have
                  | 456).
  4439 | D:7      | Reached skill level 12 in Unarmed Combat
  4448 | D:7      | Found a broken altar of Ashenzari.
  4509 | D:7      | 4509 ||| Stepping ~*~*~tactically~*~*~ (hiding).
  4510 | D:7      | 4510 ||| Stepping ~*~*~tactically~*~*~ (hiding).
  4561 | D:7      | 4561 ||| Stepping ~*~*~tactically~*~*~ (stealth).
  4562 | D:7      | 4562 ||| Stepping ~*~*~tactically~*~*~ (stealth).
  4564 | D:7      | 4564 ||| Stepping ~*~*~tactically~*~*~ (stealth).
  4566 | D:7      | 4566 ||| Stepping ~*~*~tactically~*~*~ (stealth).
  4569 | D:7      | 4569 ||| Stepping ~*~*~tactically~*~*~ (hiding).
  4570 | D:7      | 4570 ||| Stepping ~*~*~tactically~*~*~ (hiding).
  4575 | D:7      | 4575 ||| Stepping ~*~*~tactically~*~*~ (outnumbered).
  4650 | D:7      | 4650 ||| READING scroll of enchant armour.
  4650 | D:7      | 4650 ||| ENCHANTING +1 steam dragon scales.
  4715 | D:7      | Noticed Prince Ribbit
  4723 | D:7      | Killed Prince Ribbit
  4762 | D:7      | Identified the +14 plate armour of the Monkey's Uncle {rF+
                  | Int+4 Slay+5}
  4793 | D:7      | 4793 ||| RIP OSSUARY
  4794 | D:7      | 4794 ||| PLANNING D:1-11
  4871 | D:7      | Found an ancient bone altar of Kikubaaqudgha.
  5063 | D:7      | 5063 ||| UPGRADING to +0 cloak.
  5068 | D:7      | 5068 ||| READING 3 scrolls labelled JOITIO QUMAXI.
  5069 | D:7      | 5069 ||| DRINKING 2 red potions.
  5070 | D:7      | 5070 ||| READING 2 scrolls of identify.
  5070 | D:7      | 5070 ||| IDENTIFYING inky potion
  5071 | D:7      | 5071 ||| DROPPING potion of magic.
  5072 | D:7      | 5072 ||| DROPPING 2 scrolls of amnesia.
  5315 | D:8      | 5315 ||| INVOKING Fiery Armour.
  5333 | D:8      | 5333 ||| DRINKING 2 potions of curing.
  5333 | D:8      | 5333 ||| (to cure confusion)
  5583 | D:8      | Found a staircase to the Lair.
  5924 | D:8      | Noticed a gargoyle
  5925 | D:8      | Noticed a boulder beetle
  5926 | D:8      | Reached XP level 10. HP: 96/96 MP: 10/10
  5926 | D:8      | 5926 ||| INVOKING Fiery Armour.
  5930 | D:8      | Killed a gargoyle
  5931 | D:8      | Reached skill level 13 in Unarmed Combat
  5936 | D:8      | Killed a boulder beetle
  5937 | D:8      | Reached skill level 3 in Dodging
  6011 | D:8      | 6011 ||| PLANNING LAIR
  6011 | D:8      | 6011 ||| UPGRADING to +6 ring of strength.
  6013 | D:8      | 6013 ||| DROPPING +6 ring of intelligence.
  6014 | D:8      | 6014 ||| READING 2 scrolls of identify.
  6014 | D:8      | 6014 ||| IDENTIFYING grey potion
  6015 | D:8      | 6015 ||| DROPPING potion of flight.
  6053 | Lair:1   | Entered Level 1 of the Lair of Beasts
  6053 | Lair:1   | Noticed a cane toad
  6053 | Lair:1   | Found a bloodstained altar of Trog.
  6059 | Lair:1   | Killed a cane toad
  6149 | Lair:1   | 6149 ||| Stepping ~*~*~tactically~*~*~ (stealth).
  6150 | Lair:1   | 6150 ||| Stepping ~*~*~tactically~*~*~ (stealth).
  6154 | Lair:1   | 6154 ||| Stepping ~*~*~tactically~*~*~ (stealth).
  6224 | Lair:1   | 6224 ||| Stepping ~*~*~tactically~*~*~ (outnumbered).
  6225 | Lair:1   | 6225 ||| Stepping ~*~*~tactically~*~*~ (outnumbered).
  6226 | Lair:1   | 6226 ||| Stepping ~*~*~tactically~*~*~ (outnumbered).
  6227 | Lair:1   | 6227 ||| Stepping ~*~*~tactically~*~*~ (outnumbered).
  6228 | Lair:1   | 6228 ||| Stepping ~*~*~tactically~*~*~ (outnumbered).
  6229 | Lair:1   | 6229 ||| Stepping ~*~*~tactically~*~*~ (outnumbered).
  6230 | Lair:1   | 6230 ||| Stepping ~*~*~tactically~*~*~ (outnumbered).
  6231 | Lair:1   | 6231 ||| Stepping ~*~*~tactically~*~*~ (outnumbered).
  6232 | Lair:1   | 6232 ||| Stepping ~*~*~tactically~*~*~ (outnumbered).
  6233 | Lair:1   | 6233 ||| Stepping ~*~*~tactically~*~*~ (outnumbered).
  6236 | Lair:1   | 6236 ||| Stepping ~*~*~tactically~*~*~ (outnumbered).
  6237 | Lair:1   | 6237 ||| Stepping ~*~*~tactically~*~*~ (outnumbered).
  6238 | Lair:1   | 6238 ||| Stepping ~*~*~tactically~*~*~ (outnumbered).
  6239 | Lair:1   | 6239 ||| Stepping ~*~*~tactically~*~*~ (outnumbered).
  6242 | Lair:1   | Reached skill level 14 in Unarmed Combat
  6349 | Lair:1   | 6349 ||| INVOKING Fiery Armour.
  6360 | Lair:1   | Reached skill level 6 in Fighting
  6377 | Lair:1   | 6377 ||| Stepping ~*~*~tactically~*~*~ (stealth).
  6399 | Lair:1   | Noticed Gastronok
  6400 | Lair:1   | 6400 ||| Stepping ~*~*~tactically~*~*~ (hiding).
  6402 | Lair:1   | 6402 ||| Stepping ~*~*~tactically~*~*~ (hiding).
  6418 | Lair:1   | Killed Gastronok
  6419 | Lair:1   | Reached XP level 11. HP: 82/105 MP: 7/11
  6474 | Lair:1   | 6474 ||| READING scroll of enchant armour.
  6474 | Lair:1   | 6474 ||| ENCHANTING +2 steam dragon scales.
  6509 | Lair:1   | 6509 ||| INVOKING Fiery Armour.
  6524 | Lair:1   | Reached skill level 15 in Unarmed Combat
  6593 | Lair:1   | 6593 ||| Stepping ~*~*~tactically~*~*~ (stealth).
  6745 | Lair:1   | 6745 ||| Stepping ~*~*~tactically~*~*~ (stealth).
  6747 | Lair:1   | 6747 ||| Stepping ~*~*~tactically~*~*~ (stealth).
  6749 | Lair:1   | 6749 ||| INVOKING Fiery Armour.
  6755 | Lair:1   | 6755 ||| Stepping ~*~*~tactically~*~*~ (outnumbered).
  6757 | Lair:1   | 6757 ||| Stepping ~*~*~tactically~*~*~ (outnumbered).
  6768 | Lair:1   | 6768 ||| Stepping ~*~*~tactically~*~*~ (stealth).
  6967 | Lair:1   | 6967 ||| UPGRADING to +1 hat of see invisible.
  6972 | Lair:1   | 6972 ||| READING 3 scrolls of identify.
  6972 | Lair:1   | 6972 ||| IDENTIFYING metallic inky potion
  6973 | Lair:1   | 6973 ||| DROPPING potion of lignification.
  6995 | Lair:2   | Found a hole to the Spider Nest.
  7036 | Lair:2   | Found a staircase to the Shoals.
  7299 | Lair:2   | 7299 ||| Stepping ~*~*~tactically~*~*~ (stealth).
  7303 | Lair:2   | 7303 ||| INVOKING Fiery Armour.
  7315 | Lair:2   | Reached skill level 16 in Unarmed Combat
  7333 | Lair:2   | Noticed Nergalle
  7348 | Lair:2   | Killed Nergalle
  7497 | Lair:2   | Noticed a four-headed hydra
  7498 | Lair:2   | 7498 ||| INVOKING Fiery Armour.
  7504 | Lair:2   | Killed a seven-headed hydra
  7508 | Lair:2   | 7508 ||| PLANNING TEMPLE
  7508 | Lair:2   | 7508 ||| READING scroll labelled RUTITR KOTYER.
  7509 | Lair:2   | 7509 ||| READING 3 scrolls of identify.
  7509 | Lair:2   | 7509 ||| IDENTIFYING fuming orange potion
  7510 | Lair:2   | 7510 ||| DROPPING potion of attraction.
  7684 | Temple   | Entered the Ecumenical Temple
  7729 | Temple   | 7729 ||| PLANNING CONVERSION TO OKAWARU
  7736 | Temple   | Fell from the grace of Ignis
  7736 | Temple   | Became a worshipper of Warmaster Okawaru
  7737 | Temple   | 7737 ||| PLANNING LAIR
  7737 | Temple   | 7737 ||| REMOVING amulet of guardian spirit.
  7742 | Temple   | 7742 ||| DROPPING amulet of guardian spirit.
  7981 | Lair:2   | 7981 ||| Stepping ~*~*~tactically~*~*~ (stealth).
  7999 | Lair:2   | 7999 ||| Stepping ~*~*~tactically~*~*~ (outnumbered).
  8054 | Lair:2   | Reached * piety under Okawaru
  8067 | Lair:2   | Noticed a lindwurm
  8068 | Lair:2   | 8068 ||| INVOKING Heroism.
  8079 | Lair:2   | 8079 ||| INVOKING Heroism.
  8081 | Lair:2   | Killed a lindwurm
  8082 | Lair:2   | Reached skill level 1 in Invocations
  8149 | Lair:2   | You fall into a shaft and drop 1 floor!
  8183 | Lair:3   | 8183 ||| INVOKING Heroism.
  8196 | Lair:3   | 8196 ||| INVOKING Heroism.
  8202 | Lair:3   | Reached XP level 12. HP: 100/118 MP: 9/12
  8568 | Lair:3   | 8568 ||| READING scroll of enchant armour.
  8568 | Lair:3   | 8568 ||| ENCHANTING +3 steam dragon scales.
  8700 | Lair:3   | You fall into a shaft and drop 2 floors!
  8700 | Lair:5   | Entered Level 5 of the Lair of Beasts
  8780 | Lair:5   | 8780 ||| Stepping ~*~*~tactically~*~*~ (stealth).
  8784 | Lair:5   | 8784 ||| Stepping ~*~*~tactically~*~*~ (stealth).
  8788 | Lair:5   | 8788 ||| INVOKING Heroism.
  8800 | Lair:5   | 8800 ||| Stepping ~*~*~tactically~*~*~ (stealth).
  8802 | Lair:5   | 8802 ||| Stepping ~*~*~tactically~*~*~ (outnumbered).
  8803 | Lair:5   | 8803 ||| Stepping ~*~*~tactically~*~*~ (outnumbered).
  8804 | Lair:5   | 8804 ||| Stepping ~*~*~tactically~*~*~ (outnumbered).
  8806 | Lair:5   | Reached skill level 17 in Unarmed Combat
  8811 | Lair:5   | HP: 25/118 [fire elemental[the fiery vengeance of Ignis]
                  | (8)]
  8812 | Lair:5   | 8812 ||| READING 3 scrolls of teleportation.
  8812 | Lair:5   | HP: 7/118 [fire elemental[the fiery vengeance of Ignis]
                  | (12)]
  8813 | Lair:5   | 8813 ||| DRINKING 4 potions of heal wounds.
  8814 | Lair:5   | 8814 ||| DRINKING 3 potions of heal wounds.
  8817 | Lair:5   | HP: 28/118 [poisoned by a black mamba]
  8822 | Lair:5   | HP: 27/118 [poisoned by a black mamba]
  8835 | Lair:5   | 8835 ||| INVOKING Heroism.
  8841 | Lair:5   | Reached skill level 3 in Invocations
  8862 | Lair:5   | 8862 ||| Stepping ~*~*~tactically~*~*~ (stealth).
  8947 | Lair:5   | Reached ** piety under Okawaru
  8962 | Lair:4   | Noticed an eight-headed hydra
  8963 | Lair:4   | 8963 ||| INVOKING Heroism.
  8969 | Lair:4   | 8969 ||| Stepping ~*~*~tactically~*~*~ (outnumbered).
  8970 | Lair:4   | 8970 ||| Stepping ~*~*~tactically~*~*~ (outnumbered).
  8971 | Lair:4   | 8971 ||| Stepping ~*~*~tactically~*~*~ (outnumbered).
  8972 | Lair:4   | 8972 ||| Stepping ~*~*~tactically~*~*~ (outnumbered).
  8974 | Lair:4   | Killed an 11-headed hydra
  8978 | Lair:4   | HP: 27/118 [elephant (13)]
  8979 | Lair:4   | 8979 ||| READING 2 scrolls of teleportation.
  8980 | Lair:4   | 8980 ||| DRINKING 2 potions of heal wounds.
  8981 | Lair:4   | 8981 ||| DRINKING potion of heal wounds.
  8984 | Lair:4   | 8984 ||| FLEEEEING.
  8989 | Lair:4   | 8989 ||| INVOKING Heroism.
  8997 | Lair:4   | 8997 ||| FLEEEEING.
  8997 | Lair:4   | Found a staircase to the Slime Pits.
  8998 | Lair:4   | 8998 ||| FLEEEEING.
  8999 | Lair:4   | 8999 ||| FLEEEEING.
  9000 | Lair:4   | 9000 ||| STAIRDANCE
  9164 | Lair:3   | 9164 ||| FLEEEEING.
  9165 | Lair:3   | 9165 ||| INVOKING Heroism.
  9172 | Lair:3   | 9172 ||| Stepping ~*~*~tactically~*~*~ (outnumbered).
  9179 | Lair:3   | 9179 ||| Stepping ~*~*~tactically~*~*~ (outnumbered).
  9180 | Lair:3   | 9180 ||| Stepping ~*~*~tactically~*~*~ (outnumbered).
  9185 | Lair:3   | Reached *** piety under Okawaru
  9224 | Lair:3   | 9224 ||| INVOKING Heroism.
  9237 | Lair:3   | Reached skill level 18 in Unarmed Combat
  9372 | Lair:3   | 9372 ||| Stepping ~*~*~tactically~*~*~ (stealth).
  9373 | Lair:3   | 9373 ||| Stepping ~*~*~tactically~*~*~ (stealth).
  9378 | Lair:3   | 9378 ||| Stepping ~*~*~tactically~*~*~ (outnumbered).
  9379 | Lair:3   | 9379 ||| INVOKING Heroism.
  9391 | Lair:3   | Reached **** piety under Okawaru
  9435 | Lair:3   | 9435 ||| DRINKING potion of curing.
  9435 | Lair:3   | 9435 ||| (to cure confusion)
 10124 | Lair:4   | 10124 ||| INVOKING Heroism.
 10202 | Lair:4   | Noticed a six-headed hydra
 10203 | Lair:4   | 10203 ||| INVOKING Heroism.
 10208 | Lair:4   | Killed an eight-headed hydra
 10209 | Lair:4   | Reached skill level 3 in Armour
 10298 | Lair:4   | 10298 ||| INVOKING Heroism.
 10379 | Lair:4   | Noticed a six-headed hydra
 10381 | Lair:4   | 10381 ||| INVOKING Heroism.
 10386 | Lair:4   | Killed an eight-headed hydra
 10455 | Lair:4   | 10455 ||| Stepping ~*~*~tactically~*~*~ (stealth).
 10545 | Lair:4   | Reached XP level 13. HP: 111/127 MP: 15/15
 10564 | Lair:4   | 10564 ||| INVOKING Heroism.
 10780 | Lair:4   | 10780 ||| INVOKING Heroism.
 10923 | Lair:4   | 10923 ||| INVOKING Heroism.
 11004 | Lair:4   | 11004 ||| INVOKING Heroism.
 11121 | Lair:4   | 11121 ||| INVOKING Heroism.
 11179 | Lair:4   | 11179 ||| UPGRADING to +4 ring of protection.
 11181 | Lair:4   | 11181 ||| DROPPING +6 ring of dexterity.
 11182 | Lair:4   | 11182 ||| READING scroll labelled ECLUASU ZUBESH.
 11361 | Lair:5   | 11361 ||| Stepping ~*~*~tactically~*~*~ (stealth).
 11369 | Lair:5   | Received a gift from Okawaru
 11371 | Lair:5   | 11371 ||| INVOKING Heroism.
 11432 | Lair:5   | 11432 ||| Stepping ~*~*~tactically~*~*~ (stealth).
 11468 | Lair:5   | 11468 ||| INVOKING Heroism.
 11475 | Lair:5   | Reached skill level 6 in Invocations
 11481 | Lair:5   | 11481 ||| Stepping ~*~*~tactically~*~*~ (stealth).
 11486 | Lair:5   | 11486 ||| INVOKING Heroism.
 11489 | Lair:5   | 11489 ||| Stepping ~*~*~tactically~*~*~ (stealth).
 11490 | Lair:5   | 11490 ||| Stepping ~*~*~tactically~*~*~ (stealth).
 11491 | Lair:5   | 11491 ||| Stepping ~*~*~tactically~*~*~ (stealth).
 11492 | Lair:5   | 11492 ||| Stepping ~*~*~tactically~*~*~ (stealth).
 11502 | Lair:5   | 11502 ||| Stepping ~*~*~tactically~*~*~ (stealth).
 11504 | Lair:5   | 11504 ||| Stepping ~*~*~tactically~*~*~ (stealth).
 11506 | Lair:5   | 11506 ||| Stepping ~*~*~tactically~*~*~ (stealth).
 11507 | Lair:5   | 11507 ||| Stepping ~*~*~tactically~*~*~ (stealth).
 11510 | Lair:5   | 11510 ||| Stepping ~*~*~tactically~*~*~ (stealth).
 11512 | Lair:5   | 11512 ||| Stepping ~*~*~tactically~*~*~ (stealth).
 11513 | Lair:5   | 11513 ||| Stepping ~*~*~tactically~*~*~ (stealth).
 11530 | Lair:5   | 11530 ||| Stepping ~*~*~tactically~*~*~ (stealth).
 11531 | Lair:5   | 11531 ||| INVOKING Heroism.
 11537 | Lair:5   | Received a gift from Okawaru
 11601 | Lair:5   | 11601 ||| Stepping ~*~*~tactically~*~*~ (stealth).
 11637 | Lair:5   | 11637 ||| INVOKING Heroism.
 11642 | Lair:5   | 11642 ||| Stepping ~*~*~tactically~*~*~ (outnumbered).
 11643 | Lair:5   | 11643 ||| Stepping ~*~*~tactically~*~*~ (outnumbered).
 11644 | Lair:5   | 11644 ||| Stepping ~*~*~tactically~*~*~ (outnumbered).
 11645 | Lair:5   | 11645 ||| Stepping ~*~*~tactically~*~*~ (outnumbered).
 11650 | Lair:5   | 11650 ||| Stepping ~*~*~tactically~*~*~ (outnumbered).
 11651 | Lair:5   | 11651 ||| Stepping ~*~*~tactically~*~*~ (outnumbered).
 11652 | Lair:5   | 11652 ||| Stepping ~*~*~tactically~*~*~ (outnumbered).
 11653 | Lair:5   | 11653 ||| Stepping ~*~*~tactically~*~*~ (outnumbered).
 11654 | Lair:5   | 11654 ||| Stepping ~*~*~tactically~*~*~ (outnumbered).
 11659 | Lair:5   | 11659 ||| Stepping ~*~*~tactically~*~*~ (stealth).
 11660 | Lair:5   | 11660 ||| Stepping ~*~*~tactically~*~*~ (stealth).
 11662 | Lair:5   | 11662 ||| Stepping ~*~*~tactically~*~*~ (stealth).
 11667 | Lair:5   | 11667 ||| Stepping ~*~*~tactically~*~*~ (stealth).
 11668 | Lair:5   | 11668 ||| Stepping ~*~*~tactically~*~*~ (outnumbered).
 11669 | Lair:5   | 11669 ||| Stepping ~*~*~tactically~*~*~ (outnumbered).
 11673 | Lair:5   | Reached ***** piety under Okawaru
 11674 | Lair:5   | 11674 ||| INVOKING Finesse.
 11691 | Lair:5   | 11691 ||| INVOKING Heroism.
 11727 | Lair:5   | 11727 ||| FLEEEEING.
 11771 | Lair:5   | 11771 ||| Stepping ~*~*~tactically~*~*~ (stealth).
 11772 | Lair:5   | 11772 ||| Stepping ~*~*~tactically~*~*~ (stealth).
 11800 | Lair:5   | 11800 ||| Stepping ~*~*~tactically~*~*~ (stealth).
 11801 | Lair:5   | 11801 ||| Stepping ~*~*~tactically~*~*~ (stealth).
 11807 | Lair:5   | Reached skill level 19 in Unarmed Combat
 11933 | Lair:5   | 11933 ||| Stepping ~*~*~tactically~*~*~ (stealth).
 11949 | Lair:5   | 11949 ||| Stepping ~*~*~tactically~*~*~ (stealth).
 12018 | Lair:5   | Received a gift from Okawaru
 12031 | Lair:5   | 12031 ||| Stepping ~*~*~tactically~*~*~ (stealth).
 12032 | Lair:5   | 12032 ||| Stepping ~*~*~tactically~*~*~ (stealth).
 12041 | Lair:5   | 12041 ||| Stepping ~*~*~tactically~*~*~ (hiding).
 12043 | Lair:5   | 12043 ||| FLEEEEING.
 12044 | Lair:5   | 12044 ||| INVOKING Heroism.
 12045 | Lair:5   | 12045 ||| INVOKING Finesse.
 12105 | Lair:5   | 12105 ||| INVOKING Heroism.
 12106 | Lair:5   | 12106 ||| INVOKING Finesse.
 12175 | Lair:5   | 12175 ||| INVOKING Heroism.
 12178 | Lair:5   | 12178 ||| Stepping ~*~*~tactically~*~*~ (hiding).
 12188 | Lair:5   | 12188 ||| Stepping ~*~*~tactically~*~*~ (stealth).
 12235 | Lair:5   | Noticed a dire elephant
 12236 | Lair:5   | 12236 ||| INVOKING Heroism.
 12237 | Lair:5   | 12237 ||| Stepping ~*~*~tactically~*~*~ (stealth).
 12238 | Lair:5   | 12238 ||| Stepping ~*~*~tactically~*~*~ (stealth).
 12240 | Lair:5   | 12240 ||| INVOKING Finesse.
 12246 | Lair:5   | Killed a dire elephant
 12251 | Lair:5   | Reached skill level 9 in Fighting
 12395 | Lair:5   | 12395 ||| Stepping ~*~*~tactically~*~*~ (stealth).
 12452 | Lair:5   | Received a gift from Okawaru
 12470 | Lair:5   | 12470 ||| Stepping ~*~*~tactically~*~*~ (stealth).
 12478 | Lair:5   | Reached XP level 14. HP: 117/140 MP: 19/19
 12506 | Lair:5   | 12506 ||| Stepping ~*~*~tactically~*~*~ (stealth).
 12508 | Lair:5   | 12508 ||| INVOKING Heroism.
 12554 | Lair:5   | 12554 ||| Stepping ~*~*~tactically~*~*~ (stealth).
 12557 | Lair:5   | 12557 ||| INVOKING Heroism.
 12558 | Lair:5   | 12558 ||| Stepping ~*~*~tactically~*~*~ (hiding).
 12562 | Lair:5   | 12562 ||| INVOKING Finesse.
 12567 | Lair:5   | Reached skill level 9 in Invocations
 12631 | Lair:5   | 12631 ||| Stepping ~*~*~tactically~*~*~ (stealth).
 12697 | Lair:5   | 12697 ||| INVOKING Heroism.
 12698 | Lair:5   | 12698 ||| INVOKING Finesse.
 12730 | Lair:5   | 12730 ||| READING scroll of teleportation.
 12731 | Lair:5   | HP: 35/140 [oklob plant/splash of acid (10)]
 12732 | Lair:5   | 12732 ||| DRINKING 2 potions of heal wounds.
 12866 | Lair:5   | Was forgiven by Ignis
 12867 | Lair:5   | 12867 ||| Stepping ~*~*~tactically~*~*~ (outnumbered).
 12869 | Lair:5   | 12869 ||| Stepping ~*~*~tactically~*~*~ (outnumbered).
 12960 | Lair:5   | 12960 ||| PLANNING D:1-11
 13475 | D:9      | 13475 ||| Stepping ~*~*~tactically~*~*~ (stealth).
 13477 | D:9      | 13477 ||| Stepping ~*~*~tactically~*~*~ (stealth).
 13478 | D:9      | 13478 ||| Stepping ~*~*~tactically~*~*~ (stealth).
 13484 | D:9      | 13484 ||| Stepping ~*~*~tactically~*~*~ (stealth).
 13486 | D:9      | 13486 ||| Stepping ~*~*~tactically~*~*~ (hiding).
 13520 | D:9      | 13520 ||| READING scroll of enchant armour.
 13520 | D:9      | 13520 ||| ENCHANTING +4 steam dragon scales.
 13597 | D:10     | Entered Level 10 of the Dungeon
 13612 | D:10     | 13612 ||| Stepping ~*~*~tactically~*~*~ (hiding).
 13613 | D:10     | 13613 ||| Stepping ~*~*~tactically~*~*~ (hiding).
 13722 | D:10     | 13722 ||| INVOKING Heroism.
 13884 | D:10     | Noticed Erica
 13885 | D:10     | 13885 ||| INVOKING Heroism.
 13891 | D:10     | Killed Erica
 13967 | D:10     | 13967 ||| Stepping ~*~*~tactically~*~*~ (hiding).
 13968 | D:10     | 13968 ||| Stepping ~*~*~tactically~*~*~ (hiding).
 14092 | D:10     | 14092 ||| INVOKING Heroism.
 14143 | D:10     | 14143 ||| Stepping ~*~*~tactically~*~*~ (outnumbered).
 14146 | D:10     | 14146 ||| Stepping ~*~*~tactically~*~*~ (outnumbered).
 14384 | D:10     | 14384 ||| INVOKING Heroism.
 14449 | D:10     | Found a hazy altar of Hepliaklqana.
 14692 | D:10     | 14692 ||| READING scroll labelled UTUICV OREU.
 14693 | D:10     | 14693 ||| READING scroll labelled ZIAKYUR CAMYI.
 14693 | D:10     | Identified a scroll of acquirement
 14693 | D:10     | 14693 ||| ACQUIRING amulet "Juoxyco" {Reflect Int+2 SH+5}
 14693 | D:10     | Acquired the amulet "Juoxyco" {Reflect Int+2 SH+5}
 14695 | D:10     | 14695 ||| UPGRADING to amulet "Juoxyco" {Reflect Int+2
                  | SH+5}.
 14723 | D:11     | 14723 ||| PLANNING GAUNTLET
 14734 | D:11     | 14734 ||| FLEEEEING.
 14736 | D:11     | 14736 ||| STAIRDANCE
 14803 | D:11     | Found a gate leading to a gauntlet.
 14812 | Gauntlet | Entered a Gauntlet
 14812 | Gauntlet | Found a transporter.
 14812 | Gauntlet | Found a transporter.
 14812 | Gauntlet | Found a transporter.
 14813 | Gauntlet | Found a transporter.
 14814 | Gauntlet | Found a transporter.
 14817 | Gauntlet | Found a transporter.
 14824 | Gauntlet | Found a transporter.
 14826 | Gauntlet | Found a transporter.
 14826 | Gauntlet | Found a transporter.
 14828 | Gauntlet | Found a transporter.
 14832 | Gauntlet | Noticed a reaper
 14836 | Gauntlet | Found a transporter.
 14837 | Gauntlet | Found a transporter.
 15002 | Gauntlet | 15002 ||| Stepping randomly (stuck).
 15003 | Gauntlet | 15003 ||| Stepping randomly (stuck).
 15004 | Gauntlet | 15004 ||| Stepping randomly (stuck).
 15005 | Gauntlet | 15005 ||| Stepping randomly (stuck).
 15006 | Gauntlet | 15006 ||| Stepping randomly (stuck).
 15009 | Gauntlet | 15009 ||| Stepping randomly (stuck).
 15010 | Gauntlet | 15010 ||| Stepping ~*~*~tactically~*~*~ (cloud).
 15050 | Gauntlet | Identified the +0 pair of boots "Pel Zema" {Str+6}
 15093 | Gauntlet | 15093 ||| Stepping randomly (stuck).
 15094 | Gauntlet | 15094 ||| Stepping randomly (stuck).
 15096 | Gauntlet | 15096 ||| INVOKING Heroism.
 15103 | Gauntlet | Received a gift from Okawaru
 15127 | Gauntlet | Reached skill level 3 in Throwing
 15214 | Gauntlet | Identified the +0 hat of Bitterness {rF+ Str+4 Dex+2
                  | Stlth+}
 15216 | Gauntlet | 15216 ||| UPGRADING to +0 hat of Bitterness {rF+ Str+4
                  | Dex+2 Stlth+}.
 15262 | Gauntlet | Identified the +10 sling of the Ancients {speed, Fragile
                  | rF+ rC+ Stlth+}
 15263 | Gauntlet | 15263 ||| INVOKING Heroism.
 15343 | Gauntlet | Identified the +4 shortbow "Lorud" {venom, rF++ rC++ Int-4}
 15394 | D:11     | 15394 ||| PLANNING D:1-11
 15436 | D:11     | 15436 ||| Stepping ~*~*~tactically~*~*~ (stealth).
 15438 | D:11     | 15438 ||| Stepping ~*~*~tactically~*~*~ (stealth).
 15440 | D:11     | 15440 ||| Stepping ~*~*~tactically~*~*~ (stealth).
 15442 | D:11     | 15442 ||| Stepping ~*~*~tactically~*~*~ (stealth).
 15444 | D:11     | 15444 ||| Stepping ~*~*~tactically~*~*~ (stealth).
 15446 | D:11     | 15446 ||| Stepping ~*~*~tactically~*~*~ (stealth).
 15469 | D:11     | Found a staircase to the Orcish Mines.
 15475 | D:11     | 15475 ||| INVOKING Heroism.
 15487 | D:11     | 15487 ||| Stepping ~*~*~tactically~*~*~ (stealth).
 15490 | D:11     | 15490 ||| Stepping ~*~*~tactically~*~*~ (stealth).
 15527 | D:11     | Noticed Maurice
 15531 | D:11     | Killed Maurice
 15611 | D:11     | 15611 ||| DRINKING 2 sedimented grey potions.
 15612 | D:11     | 15612 ||| READING scroll of teleportation.
 15764 | D:11     | 15764 ||| Stepping randomly (stuck).
 15765 | D:11     | 15765 ||| Stepping randomly (stuck).
 15774 | D:11     | 15774 ||| Stepping ~*~*~tactically~*~*~ (stealth).
 15778 | D:11     | 15778 ||| Stepping randomly (stuck).
 15787 | D:11     | 15787 ||| INVOKING Heroism.
 15791 | D:11     | 15791 ||| Stepping ~*~*~tactically~*~*~ (stealth).
 15792 | D:11     | 15792 ||| Stepping ~*~*~tactically~*~*~ (stealth).
 15795 | D:11     | Received a gift from Okawaru
 16041 | D:11     | 16041 ||| PLANNING D
 16041 | D:11     | 16041 ||| DROPPING ring of protection from cold.
 16045 | D:12     | 16045 ||| Stepping ~*~*~tactically~*~*~ (hiding).
 16149 | D:12     | 16149 ||| Stepping ~*~*~tactically~*~*~ (hiding).
 16172 | D:12     | 16172 ||| Stepping ~*~*~tactically~*~*~ (hiding).
 16274 | D:12     | 16274 ||| Stepping ~*~*~tactically~*~*~ (hiding).
 16282 | D:12     | 16282 ||| FLEEEEING.
 16283 | D:12     | 16283 ||| FLEEEEING.
 16284 | D:12     | 16284 ||| FLEEEEING.
 16288 | D:12     | 16288 ||| INVOKING Heroism.
 16289 | D:12     | 16289 ||| Stepping ~*~*~tactically~*~*~ (outnumbered).
 16290 | D:12     | 16290 ||| Stepping ~*~*~tactically~*~*~ (outnumbered).
 16291 | D:12     | 16291 ||| Stepping ~*~*~tactically~*~*~ (outnumbered).
 16292 | D:12     | 16292 ||| Stepping ~*~*~tactically~*~*~ (outnumbered).
 16293 | D:12     | 16293 ||| Stepping ~*~*~tactically~*~*~ (outnumbered).
 16295 | D:12     | Received a gift from Okawaru
 16377 | D:12     | Found a runed translucent door.
 16480 | D:12     | 16480 ||| Stepping ~*~*~tactically~*~*~ (hiding).
 16582 | D:12     | 16582 ||| Stepping ~*~*~tactically~*~*~ (hiding).
 16583 | D:12     | 16583 ||| Stepping ~*~*~tactically~*~*~ (hiding).
 16588 | D:12     | 16588 ||| Stepping ~*~*~tactically~*~*~ (outnumbered).
 16718 | D:12     | 16718 ||| Stepping ~*~*~tactically~*~*~ (stealth).
 16729 | D:12     | 16729 ||| INVOKING Heroism.
 16939 | D:12     | 16939 ||| Stepping ~*~*~tactically~*~*~ (stealth).
 16940 | D:12     | 16940 ||| INVOKING Heroism.
 16943 | D:12     | Reached skill level 6 in Throwing
 16945 | D:12     | 16945 ||| Stepping ~*~*~tactically~*~*~ (outnumbered).
 16955 | D:12     | 16955 ||| Stepping ~*~*~tactically~*~*~ (outnumbered).
 16956 | D:12     | 16956 ||| Stepping ~*~*~tactically~*~*~ (outnumbered).
 17169 | D:12     | 17169 ||| Stepping randomly (stuck).
 17235 | D:13     | 17235 ||| Stepping ~*~*~tactically~*~*~ (stealth).
 17236 | D:13     | 17236 ||| Stepping ~*~*~tactically~*~*~ (stealth).
 17238 | D:13     | 17238 ||| Stepping ~*~*~tactically~*~*~ (stealth).
 17260 | D:13     | 17260 ||| Stepping ~*~*~tactically~*~*~ (stealth).
 17262 | D:13     | Found a frozen archway.
 17266 | D:13     | 17266 ||| Stepping ~*~*~tactically~*~*~ (stealth).
 17269 | D:13     | 17269 ||| Stepping ~*~*~tactically~*~*~ (stealth).
 17345 | D:13     | 17345 ||| Stepping ~*~*~tactically~*~*~ (stealth).
 17345 | D:13     | You fall into a shaft and drop 2 floors!
 17345 | D:15     | Entered Level 15 of the Dungeon
 17376 | D:15     | 17376 ||| Stepping ~*~*~tactically~*~*~ (stealth).
 17407 | D:14     | 17407 ||| INVOKING Heroism.
 17415 | D:14     | 17415 ||| Stepping ~*~*~tactically~*~*~ (outnumbered).
 17416 | D:14     | 17416 ||| Stepping ~*~*~tactically~*~*~ (outnumbered).
 17417 | D:14     | 17417 ||| Stepping ~*~*~tactically~*~*~ (outnumbered).
 17423 | D:14     | 17423 ||| Stepping ~*~*~tactically~*~*~ (outnumbered).
 17532 | D:13     | 17532 ||| INVOKING Heroism.
 17543 | D:13     | 17543 ||| Stepping ~*~*~tactically~*~*~ (outnumbered).
 17546 | D:13     | 17546 ||| Stepping ~*~*~tactically~*~*~ (outnumbered).
 17592 | D:13     | 17592 ||| INVOKING Finesse.
 17603 | D:13     | 17603 ||| Stepping ~*~*~tactically~*~*~ (outnumbered).
 17607 | D:13     | 17607 ||| INVOKING Heroism.
 17612 | D:13     | 17612 ||| Stepping ~*~*~tactically~*~*~ (outnumbered).
 17615 | D:13     | 17615 ||| Stepping ~*~*~tactically~*~*~ (outnumbered).
 17621 | D:13     | 17621 ||| Stepping ~*~*~tactically~*~*~ (outnumbered).
 17650 | D:13     | 17650 ||| Stepping ~*~*~tactically~*~*~ (stealth).
 17655 | D:13     | 17655 ||| Stepping ~*~*~tactically~*~*~ (stealth).
 17657 | D:13     | 17657 ||| FLEEEEING.
 17689 | D:13     | 17689 ||| Stepping ~*~*~tactically~*~*~ (stealth).
 17690 | D:13     | 17690 ||| Stepping ~*~*~tactically~*~*~ (stealth).
 17708 | D:13     | Received a gift from Okawaru
 17709 | D:13     | 17709 ||| FLEEEEING.
 17710 | D:13     | 17710 ||| FLEEEEING.
 17711 | D:13     | 17711 ||| FLEEEEING.
 17712 | D:13     | 17712 ||| FLEEEEING.
 17713 | D:13     | 17713 ||| FLEEEEING.
 17714 | D:13     | 17714 ||| FLEEEEING.
 17715 | D:13     | 17715 ||| FLEEEEING.
 17716 | D:13     | 17716 ||| FLEEEEING.
 17717 | D:13     | 17717 ||| FLEEEEING.
 17746 | D:13     | 17746 ||| INVOKING Heroism.
 17756 | D:13     | Received a gift from Okawaru
 17811 | D:13     | 17811 ||| INVOKING Heroism.
 17812 | D:13     | 17812 ||| Stepping ~*~*~tactically~*~*~ (hiding).
 17814 | D:13     | 17814 ||| Stepping ~*~*~tactically~*~*~ (hiding).
 17816 | D:13     | 17816 ||| Stepping ~*~*~tactically~*~*~ (hiding).
 17817 | D:13     | 17817 ||| Stepping ~*~*~tactically~*~*~ (hiding).
 17818 | D:13     | 17818 ||| Stepping ~*~*~tactically~*~*~ (hiding).
 17838 | D:13     | Reached XP level 15. HP: 136/146 MP: 21/21
 17840 | D:13     | 17840 ||| INVOKING Finesse.
 17888 | D:13     | 17888 ||| Stepping ~*~*~tactically~*~*~ (stealth).
 17889 | D:13     | 17889 ||| Stepping ~*~*~tactically~*~*~ (stealth).
 17890 | D:13     | 17890 ||| Stepping ~*~*~tactically~*~*~ (stealth).
 17892 | D:13     | 17892 ||| Stepping ~*~*~tactically~*~*~ (stealth).
 17893 | D:13     | 17893 ||| INVOKING Heroism.
 17896 | D:13     | Identified the +4 shortbow of Dabuves {vorpal, *Corrode
                  | +Blink rC+} (Okawaru gifted it to you on level 13 of the
                  | Dungeon)
 17896 | D:13     | Received a gift from Okawaru
 17897 | D:13     | Reached skill level 20 in Unarmed Combat
 17937 | D:13     | Found a gate to the Vaults.
 17950 | D:13     | 17950 ||| Stepping ~*~*~tactically~*~*~ (stealth).
 17953 | D:13     | 17953 ||| Stepping ~*~*~tactically~*~*~ (stealth).
 17955 | D:13     | 17955 ||| Stepping ~*~*~tactically~*~*~ (stealth).
 17957 | D:13     | 17957 ||| Stepping ~*~*~tactically~*~*~ (hiding).
 18420 | D:14     | 18420 ||| INVOKING Heroism.
 18463 | D:14     | 18463 ||| INVOKING Finesse.
 18466 | D:14     | 18466 ||| INVOKING Heroism.
 18604 | D:14     | Found a shimmering blue altar of Sif Muna.
 18687 | D:14     | Reached skill level 9 in Throwing
 18898 | D:15     | Noticed Kirke
 18899 | D:15     | 18899 ||| Stepping ~*~*~tactically~*~*~ (stealth).
 18901 | D:15     | 18901 ||| Stepping ~*~*~tactically~*~*~ (stealth).
 18903 | D:15     | 18903 ||| Stepping ~*~*~tactically~*~*~ (stealth).
 18917 | D:15     | 18917 ||| INVOKING Heroism.
 18918 | D:15     | 18918 ||| Stepping ~*~*~tactically~*~*~ (outnumbered).
 18920 | D:15     | 18920 ||| Stepping ~*~*~tactically~*~*~ (hiding).
 18931 | D:15     | HP: 33/146 [something (5)]
 18932 | D:15     | 18932 ||| READING 5 scrolls of teleportation.
 18933 | D:15     | 18933 ||| DRINKING 3 potions of heal wounds.
 18933 | D:15     | HP: 2/146 [something (16)]
 18933 | D:15     | Mangled by a hog

Levels and vault maps discovered:
D:1:      dpeg_arrival_signposts, layout_basic,
          hellmonk_ecumenical_altar_prayer_group
D:2:      layout_rooms, basic_altar
D:3:      layout_rooms, hangedman_glass_teeth, serial_bayou_pond_a,
          minmay_misc_feat_nine_boxes
D:4:      layout_loops_ring, xom_teletrap_fun
D:5:      layout_loops_ring, minmay_temple_entry_proselytizer, uniq_sigmund,
          uniq_grinder
D:6:      layout_cave_pools, overflow_temple_1_default,
          kennysheep_big_empty_room, uniq_maggie
D:7:      layout_basic, mainiacjoe_overflow_24_doors, lemuel_round_altar,
          chequers_ossuary_entry_cave, serial_shops, shop, uniq_prince_ribbit1
D:8:      minmay_cornered_nines, layout_loops_corners, dpeg_oklobed_lair
D:9:      layout_roguey, lemuel_flamethrower_1
D:10:     layout_basic, general_overflow_altar, dk_noncrumbling_2, uniq_erica
D:11:     layout_cave_pools, orc_0_dummy, gauntlet_entry_generic,
          nicolae_eternal_life, grunt_decor_clamped, minivault_22, uniq_maurice
D:12:     cheibrodos_shockbox, layout_loops_ring
D:13:     layout_roguey, lightli_vaults_fourway_checkpoint,
          portal_ice_cave_entry_ice_simulacra
D:14:     layout_long_grid, lemuel_blue_sif_altar
D:15:     grunt_enter_depths_snipers, layout_stronghold, st_stairs_6,
          minmay_variable_closet, uniq_rupert, uniq_kirke
Temple:   minmay_crystal_spiral_temple
Lair:1:   layout_cave_pods, basic_altar, grunt_megastairs_5, uniq_gastronok
Lair:2:   layout_cave_pods, shoals_dummy_entry,
          hellmonk_spider_entry_not_the_bees, uniq_nergalle
Lair:3:   layout_layer_cave, dpeg_oklob_1
Lair:4:   layout_layer_cave, slime_entry_1, chequers_serial_rivers_small_3
Lair:5:   hangedman_lair_tendril_chambers, layout_loops_ring,
          hangedman_lair_in_review, minmay_lair_oklob_items,
          infiniplex_staircase_pool

Skill      XL: |  1  2  3  4  5  6  7  8  9 10 11 12 13 14 15 |
---------------+----------------------------------------------+-----
Unarmed Combat | 4 5 6 7 9 10 12 14 16 18 19 20 | 20.1
Dodging        | 1 2 3 |  3.7
Fighting       | 3 4 5 6 7 8 9 |  9.0
Throwing       | 1 2 8 9 |  9.0
Armour         | 2 3 |  3.1
Invocations    | 1 4 8 10 | 10.0
Spellcasting   | |  1.0
Fire Magic     | |  2.1

Action                   |  1- 3 |  4- 6 |  7- 9 | 10-12 | 13-15 || total
-------------------------+-------+-------+-------+-------+-------++-------
Melee: Unarmed           |    73 |    84 |   197 |   349 |   686 ||  1389
       Punch             |     1 |     2 |     5 |    26 |    78 ||   112
Throw: Boomerang         |     3 |     3 |    34 |   106 |    19 ||   165
       Javelin           |       |       |       |       |    20 ||    20
       Large rock        |       |       |       |       |    49 ||    49
Invok: Fiery Armour      |     1 |     2 |     4 |     6 |       ||    13
       Heroism           |       |       |       |    15 |    38 ||    53
       Finesse           |       |       |       |       |     9 ||     9
  Use: Scroll            |       |     9 |     8 |     8 |     7 ||    32
       Potion            |       |     2 |     4 |     5 |     3 ||    14
 Stab: Sleeping          |       |       |       |       |     2 ||     2
Armor: Robe              |    32 |    26 |    25 |       |       ||    83
       Steam dragon scal |       |       |    29 |   143 |   295 ||   467
Dodge: Dodged            |    38 |    28 |    74 |   131 |   234 ||   505
Block: Other             |       |       |       |       |    51 ||    51
       Reflection        |       |       |       |       |     5 ||     5

Table legend:
 A = Non-vault XP
 B = Vault XP
 C = Vault XP percentage of total XP
 D = Non-vault monster count
 E = Vault monster count
 F = Vault count percentage of total count
                 A         B        C        D         E       F
            +---------+---------+-------+---------+---------+-------
      Total |   71201 |   42733 |  37.5 |     401 |     114 |  22.1
            +---------+---------+-------+---------+---------+-------
        D:1 |      41 |       4 |   8.9 |      24 |       2 |   7.7
        D:2 |     100 |       0 |   0.0 |      25 |       0 |   0.0
        D:3 |       9 |       0 |   0.0 |       5 |       0 |   0.0
        D:4 |     429 |       0 |   0.0 |      19 |       0 |   0.0
        D:5 |    1225 |     528 |  30.1 |      32 |       3 |   8.6
        D:6 |     486 |     395 |  44.8 |       4 |       1 |  20.0
        D:7 |    1243 |     296 |  19.2 |      20 |       1 |   4.8
        D:8 |     695 |    1370 |  66.3 |       8 |       3 |  27.3
        D:9 |    1597 |       0 |   0.0 |      10 |       0 |   0.0
       D:10 |    3040 |     828 |  21.4 |      27 |       1 |   3.6
       D:11 |    5115 |     439 |   7.9 |      18 |       1 |   5.3
       D:12 |    5037 |       0 |   0.0 |      18 |       0 |   0.0
       D:13 |    7680 |    8339 |  52.1 |      28 |      20 |  41.7
       D:14 |    5319 |       0 |   0.0 |      20 |       0 |   0.0
       D:15 |    1816 |    1207 |  39.9 |       6 |       3 |  33.3
     Lair:1 |    5594 |    2221 |  28.4 |      31 |       4 |  11.4
     Lair:2 |    5565 |    1188 |  17.6 |      27 |       4 |  12.9
     Lair:3 |    5056 |    1159 |  18.6 |      15 |       2 |  11.8
     Lair:4 |   10075 |       0 |   0.0 |      33 |       0 |   0.0
     Lair:5 |   11079 |   19779 |  64.1 |      31 |      56 |  64.4
   Gauntlet |       0 |    4980 | 100.0 |       0 |      13 | 100.0
            +---------+---------+-------+---------+---------+-------
